 Dungeon Crawl Stone Soup version 0.30-a0-956-gcec3b41aec (webtiles) character file.

Game seed: 12166717635980141777

100 bande the Trooper (level 4, -4/43 HPs)
             Began as a Gargoyle Fighter on Mar 29, 2023.
             Slain by Pikel
             ... wielding a +0 whip of flaming
              (6 damage)
             ... on level 4 of the Dungeon.
             The game lasted 00:04:39 (1544 turns).

bande the Trooper (Gargoyle Fighter)                Turns: 1544, Time: 00:04:39

Health: -4/43      AC: 15    Str: 19    XL:     4   Next: 74%
Magic:  4/4        EV:  7    Int:  9    God:
Gold:   172        SH:  4    Dex: 11    Spells: 3/3 levels left

rFire   . . .      SeeInvis .    a - +1 war axe (heavy)
rCold   . . .      Faith    .    c - +0 buckler
rNeg    + . .      Spirit   .    h - +0 chain mail
rPois   ∞          Reflect  .    (no helmet)
rElec   +          Rampage  .    (no cloak)
rCorr   .                        m - +1 pair of gloves
Will    .....                    (no boots) Stlth
                                 (no amulet)
HPRegen 0.27/turn                (no ring)
MPRegen 0.09/turn                (no ring)

@: berserking, flying, very quick
A: sickness immunity, AC +3, negative energy resistance 1, electricity
resistance, torment resistance 1, petrification resistance
a: no special abilities


You were on level 4 of the Dungeon.
You visited 1 branch of the dungeon, and saw 4 of its levels.

You collected 172 gold pieces.

Inventory:

Hand Weapons
 a - a +1 heavy war axe (weapon)
Armour
 c - a +0 buckler (worn)
 h - a +0 chain mail (worn)
 m - a +1 pair of gloves (worn)
Scrolls
 g - a scroll of teleportation
 j - 2 scrolls of enchant weapon
Potions
 d - a potion of might
 e - a potion of haste
 f - a potion of brilliance


   Skills:
 + Level 4.0 Fighting
 + Level 3.0 Axes
 + Level 3.9 Armour
 + Level 3.8 Shields


You had 3 spell levels left.
You didn't know any spells.
Your spell library contained the following spells:

 Spells                   Type           Power      Damage    Failure   Level
 Magic Dart               Conj           0%         1d3       99%         1
 Slow                     Hex            0%         N/A       99%         1
 Call Imp                 Summ           0%         N/A       100%        2
 Ensorcelled Hibernation  Hex/Ice        0%         N/A       100%        2
 Passwall                 Tmut/Erth      0%         N/A       100%        2
 Confusing Touch          Hex            0%         N/A       100%        3
 Ignite Poison            Fire/Tmut/Pois 0%         N/A       100%        3
 Mephitic Cloud           Conj/Pois/Air  0%         N/A       100%        3
 Swiftness                Air            0%         N/A       100%        3
 Vampiric Draining        Necr           0%         2d6       100%        3
 Sticky Flame             Conj/Fire      0%         2d3       100%        4
 Ignition                 Fire           0%         3d3       100%        8


Dungeon Overview and Level Annotations

Branches:
Dungeon (4/15)
 Temple: D:4-7

Altars:
Cheibriados

Annotations:
D:4 Pikel


Innate Abilities, Weirdness & Mutations

You are immune to sickness and miasma.
Your stone body is resilient. (AC +3)
You are immune to poison.
You resist negative energy. (rN+)
You are resistant to electric shocks. (rElec)
You are resistant to unholy torment.
You are immune to petrification.


Message History

You hit Pikel.
Pikel is severely wounded.
You hit the lemure. The lemure hits you but does no damage.
Pikel hits you with a +0 whip of flaming.
Pikel burns you.
Pikel hits you with a +0 whip of flaming.
Pikel burns you. The lemure barely misses you.
You closely miss Pikel.
Pikel is severely wounded.
You slice the lemure!!
You kill the lemure!
That felt strangely unrewarding.
You block Pikel's attack.
Pikel hits you with a +0 whip of flaming.
* * * LOW HITPOINT WARNING * * *
Pikel burns you.
* * * LOW HITPOINT WARNING * * *
It was a potion of flight.
You feel very buoyant.
You fly up into the air.
Pikel says, "You'll rust in Dis!"
Pikel drinks a potion.
Pikel is healed!
It was a potion of berserk rage.
A red film seems to cover your vision as you go berserk!
You feel yourself moving faster!
You feel mighty!
Pikel says, "You'll make a fine lemure."
Pikel hits you but does no damage.
You closely miss Pikel.
Pikel is lightly wounded.
Pikel completely misses you.
Pikel hits you with a +0 whip of flaming!
* * * LOW HITPOINT WARNING * * *
Pikel burns you.
* * * LOW HITPOINT WARNING * * *
You barely miss Pikel.
Pikel is lightly wounded.
Pikel hits you but does no damage.
You slice Pikel!!
Pikel is almost dead.
Pikel hits you with a +0 whip of flaming.
You die...

.. .......$# ..
#......#
#..#.###..# #.#
#..#.##..##....
#..#.##.##..#
#..........#
#.#...55...#
#....#K###.....
#..#.#@# #####
###....# #..###
###..# ###....#
.. #...##..# #.
#.#####.# #.
#.# .# #.####.#
.#


You could see Pikel and 2 lemures.

Vanquished Creatures
  2 lemures (D:4)
  Terence (D:3)
  5 worms
  2 dart slugs
  4 bats
  5 endoplasms
  3 giant cockroaches
  6 goblins
  4 hobgoblins
  4 jackals (D:1)
  A quokka (D:1)
  6 ball pythons
  3 frilled lizards
  9 kobolds
  6 rats
61 creatures vanquished.

Notes
Turn   | Place    | Note
-------+----------+-------------------------------------------
     0 | D:1      | bande the Gargoyle Fighter began the quest for the Orb.
     0 | D:1      | Reached XP level 1. HP: 14/14 MP: 1/1
   147 | D:1      | Reached XP level 2. HP: 19/19 MP: 2/2
   612 | D:1      | Reached XP level 3. HP: 18/24 MP: 3/3
  1057 | D:2      | Found a snail-covered altar of Cheibriados.
  1183 | D:2      | Reached XP level 4. HP: 22/29 MP: 4/4
  1270 | D:2      | You fall into a shaft and drop 1 floor!
  1352 | D:3      | Noticed Terence
  1356 | D:3      | Killed Terence
  1399 | D:3      | Found a faded altar of an unknown god.
  1408 | D:3      | Reached skill level 4 in Fighting
  1519 | D:4      | Noticed a lemure
  1519 | D:4      | Noticed a lemure
  1520 | D:4      | Noticed Pikel
  1520 | D:4      | Noticed a lemure
  1520 | D:4      | Noticed a lemure
  1533 | D:4      | Killed a lemure
  1539 | D:4      | Killed a lemure
  1542 | D:4      | HP: 1/43 [Pikel/+0 whip of flaming (2)]
  1544 | D:4      | Slain by Pikel

Illustrated notes

Levels and vault maps discovered:
D:1:      wander_arrival_estate, layout_loops_ring, minmay_pentomino_v4
D:2:      layout_basic, basic_altar
D:3:      layout_basic, shapermc_ecumenical_altar_starsandcircs, uniq_terence
D:4:      layout_rooms, mainiacjoe_overflow_24_doors,
          minmay_overflow_temple_star_quad, nicolae_ossuary_entry_monument,
          hangedman_minor_gate_pass, uniq_robin, uniq_pikel

Skill      XL: |  1  2  3  4 |
---------------+-------------+-----
Axes           | 2 3 |  3.0
Fighting       | 4 |  4.0
Armour         | |  3.9
Shields        | |  3.8

Action                     |  1- 3 |  4- 6 || total
---------------------------+-------+-------++-------
  Melee: War axe           |   108 |    41 ||   149
    Use: Scroll            |     7 |     3 ||    10
         Potion            |       |     2 ||     2
 Armour: Chain mail        |    79 |    34 ||   113
         Scale mail        |     2 |       ||     2
  Dodge: Dodged            |    44 |    20 ||    64
  Block: Buckler           |    35 |    10 ||    45

Table legend: (Time is in decaauts)
 A = Elapsed time spent in this place.
 B = Non-inter-level travel time spent in this place.
 C = Inter-level travel time spent in this place.
 D = Time resting spent in this place.
 E = Time spent auto-exploring this place.
 F = Levels seen in this place.
 G = Mean time per level.
                   A        B        C        D        E       F      G
               +--------+--------+--------+--------+--------+-----+--------+
         Total |   1637 |   1621 |     16 |      0 |   1136 |   4 |  409.2 |
       Dungeon |   1637 |   1621 |     16 |      0 |   1136 |   4 |  409.2 |
               +--------+--------+--------+--------+--------+-----+--------+

Top non-repeatable levels by time:
     D:1: 785 daAuts
     D:2: 543 daAuts
     D:3: 231 daAuts
     D:4: 77 daAuts
